 Dungeon Crawl Stone Soup version 0.30-a0-737-gf23d94013f (webtiles) character file.

Game seed: 8927597708783096867

5289 jimonade the Covert (level 10, -18/51 HPs)
             Began as a Vine Stalker Brigand on Feb 1, 2023.
             Was a Believer of Uskayaw.
             Demolished by a komodo dragon (27 damage)
             ... on level 9 of the Dungeon on Feb 2, 2023.
             The game lasted 00:22:54 (9575 turns).

jimonade the Covert (Vine Stalker Brigand)          Turns: 9575, Time: 00:22:55

Health: -18/51     AC:  3    Str: 14    XL:     10   Next: 63%
Magic:  0/23       EV: 11    Int: 13    God:    Uskayaw [**....]
Gold:   89         SH:  9    Dex: 18    Spells: 9/9 levels left

rFire   + . .      SeeInvis .    a - +0 quick blade (venom)
rCold   + . .      Faith    .    S - +1 kite shield
rNeg    . . .      Spirit   +    K - +0 leather armour
rPois   +          Reflect  .    (no helmet)
rElec   .          Harm     .    I - scarf {rC+ rF+}
rCorr   .          Rampage  .    (no gloves)
Will    +....                    (no boots)
Stlth   ++++                     H - amulet of regeneration
HPRegen 1.88/turn                n - ring of poison resistance
MPRegen 0.18/turn                D - ring of magical power

@: no status effects
A: fangs 3, regeneration 1, magic shield, antimagic bite, no potion heal 2
a: Renounce Religion, Stomp, Line Pass


You were on level 9 of the Dungeon.
You worshipped Uskayaw.
Uskayaw was noncommittal.
You visited 1 branch of the dungeon, and saw 9 of its levels.
You also visited: Sewer.

You collected 524 gold pieces.
You spent 435 gold pieces at shops.

Inventory:

Hand Weapons
 a - a +0 quick blade of venom (weapon)
 b - a +1 dagger of draining
 M - a +3 sling
 Q - a +2 dagger
 T - a +1 rapier of venom
Missiles
 d - 30 poisoned darts (quivered)
 e - 3 curare-tipped darts
 F - a throwing net
Armour
 c - a +0 cloak
 h - +0 fire dragon scales
 I - a scarf of resistance (worn)
 J - a +0 buckler
 K - a +0 leather armour (worn)
 P - a +0 ring mail
 S - a +1 kite shield (worn)
Magical Staves
 v - a staff of cold
Jewellery
 g - a ring of fire
 n - a ring of poison resistance (left hand)
 w - a ring of flight
 D - a ring of magical power (right hand)
 G - a ring of willpower
 H - an amulet of regeneration (around neck)
Wands
 A - a wand of polymorph (14)
 B - a wand of flame (31)
Scrolls
 k - 2 scrolls of poison
 l - a scroll of vulnerability
 m - a scroll of butterflies
 o - 3 scrolls of blinking
 t - 5 scrolls of teleportation
 C - a scroll of enchant armour
 O - a scroll of silence
Potions
 f - 2 potions of invisibility {unknown}
 i - a potion of degeneration {unknown}
 j - a potion of haste {unknown}
 p - 3 potions of curing
 q - 3 potions of mutation
 r - 3 potions of lignification
 s - a potion of brilliance {unknown}
 x - 2 potions of attraction {unknown}
 z - 2 potions of berserk rage
 L - 2 potions of flight
 N - a potion of might {unknown}


   Skills:
 + Level 4.8 Fighting
 * Level 9.2 Short Blades
 + Level 2.2 Throwing
 + Level 3.2 Armour
 + Level 3.6 Dodging
 + Level 10.2 Stealth
 + Level 1.5 Shields
 * Level 5.0 Invocations


You had 9 spell levels left.
You didn't know any spells.
Your spell library contained the following spells:

 Spells                   Type           Power      Damage    Failure   Level
 Frozen Ramparts          Ice            0%         1d1       98%         3
 Ice Form                 Ice/Tmut       0%         N/A       100%        4
 Summon Ice Beast         Ice/Summ       0%         N/A       100%        4


Dungeon Overview and Level Annotations

Branches:
Dungeon (9/15)             Temple (0/1) D:7            Lair (0/5) D:9
  Sewer (visited)
    Orc: D:9-12

Altars:
Hepliaklqana
Kikubaaqudgha
Nemelex Xobeh
Qazlal
Trog
Uskayaw
The Shining One

Shops:
D:3 (   D:4 !   D:8 *

Annotations:
D:9 6 transporters


Innate Abilities, Weirdness & Mutations

You have razor-sharp teeth.
Your natural rate of healing is unusually fast.
When hurt, damage is shared between your health and your magic reserves.
Your bite disrupts and absorbs the magic of your enemies.
Potions cannot restore your health.


Message History

The basilisk is heavily wounded.
You closely miss the basilisk. Your bite misses the basilisk.
The basilisk is heavily wounded.
You kill the acid dragon!
The acid dragon scales are intact enough to wear.
The basilisk bites you but does no damage.
You hit the basilisk.
You bite the basilisk, but do no damage.
The basilisk is severely wounded.
You hit the basilisk but do no damage.
The basilisk looks as sick as possible!
You bite the basilisk, but do no damage.
The basilisk is severely wounded.
You hit the komodo dragon.
The komodo dragon is poisoned.
Your bite misses the komodo dragon.
The komodo dragon is lightly wounded.
You hit the basilisk.
The basilisk looks as sick as possible!
The basilisk is almost dead.
The basilisk misses you.
You hit the komodo dragon but do no damage.
The komodo dragon looks as sick as possible!
Your bite misses the komodo dragon.
The komodo dragon is lightly wounded.
The komodo dragon bites you!
You hit the basilisk but do no damage.
The basilisk looks as sick as possible!
You bite the basilisk, but do no damage.
The basilisk is almost dead.
The basilisk bites you but does no damage.
You hit the basilisk.
You kill the basilisk!
The komodo dragon bites you!!
* * * LOW HITPOINT WARNING * * *
Your Invocations skill increases to level 5!
You barely miss the komodo dragon.
The komodo dragon is lightly wounded.
You hit the komodo dragon but do no damage.
The komodo dragon looks as sick as possible!
The komodo dragon is lightly wounded.
The komodo dragon bites you!!
Ouch! That really hurt!
You die...

#########.#....# ##.#
#...........#### #.#
#..........## ###
#..........# #..........#
############ ### ##
##.##### ##.#
#..##..##..######..#
..##?...#@..#.##..†.##
#.......l[...##.#####
.#.............#.#### ###
#..#.#...#..........####..
. .. #..###...........###.
## ##.# ###.#.##.†......
>## #.##..######### ## ##
####


You could see a komodo dragon (extremely poisoned).

Vanquished Creatures
  Maggie (D:9)
  A komodo dragon (D:9)
  Grinder (D:6)
  A shadow (D:9)
  2 basilisks (D:9)
  Eustachio (D:5)
  Edmund (D:4)
  Menkaure (D:4)
  2 acid dragons
  2 water moccasins (D:8)
  5 orc warriors
  2 ice beasts
  A sky beast (D:6)
  An ogre (D:5)
  2 centaurs
  4 phantoms
  Blork the orc (D:4)
  2 kobold brigands
  2 scorpions
  6 bullfrogs
  2 necrophages
  3 killer bees (D:9)
  2 howler monkeys
  A hound (D:5)
  5 orc priests
  3 jellies
  3 gnoll boudas
  An iguana (D:6)
  10 orc wizards
  11 gnolls
  9 adders
  3 white imps
  3 ufetubi
  3 worms
  3 dart slugs
  35 orcs
  9 ball pythons
  7 endoplasms
  11 giant cockroaches
  3 goblins
  2 hobgoblins
  7 quokkas
  2 bats
  9 frilled lizards
  15 kobolds
  5 rats
206 creatures vanquished.

Notes
Turn   | Place    | Note
-------+----------+-------------------------------------------
     0 | D:1      | jimonade the Vine Stalker Brigand began the quest for the
                  | Orb.
     0 | D:1      | Reached XP level 1. HP: 11/11 MP: 2/2
    52 | D:1      | Reached skill level 5 in Stealth
   233 | D:1      | Reached XP level 2. HP: 15/15 MP: 3/3
   762 | D:2      | Reached XP level 3. HP: 18/18 MP: 4/4
  1362 | D:2      | Identified the +6 whip of Mayhem {heavy, rPois rN++ Will-
                  | Str+4}
  1483 | D:3      | Found a hide-covered altar of Uskayaw.
  1523 | D:3      | Found a glowing drain.
  1550 | Sewer    | Entered a sewer
  1765 | Sewer    | Gained mutation: Your natural rate of healing is unusually
                  | fast. [Vine Stalker growth]
  1765 | Sewer    | Reached XP level 4. HP: 18/23 MP: 3/5
  1914 | Sewer    | Noticed a bullfrog
  1915 | Sewer    | Noticed a bullfrog
  1931 | Sewer    | Killed a bullfrog
  1932 | Sewer    | Reached skill level 1 in Dodging
  1932 | Sewer    | Reached XP level 5. HP: 11/27 MP: 4/6
  1935 | Sewer    | Reached skill level 6 in Stealth
  2426 | D:3      | Found Fymunt's Antique Weapon Emporium.
  2540 | D:3      | Reached XP level 6. HP: 24/32 MP: 5/7
  2883 | D:3      | Found a faded altar of an unknown god.
  3149 | D:4      | Found Zyoppuli's Distillery.
  3186 | D:4      | Noticed Edmund
  3201 | D:4      | Killed Edmund
  3277 | D:4      | Reached XP level 7. HP: 35/35 MP: 8/8
  3352 | D:4      | Reached skill level 5 in Short Blades
  3362 | D:4      | Noticed Menkaure
  3369 | D:4      | Killed Menkaure
  3552 | D:4      | Noticed Blork the orc
  3556 | D:4      | Killed Blork the orc
  3557 | D:4      | Reached skill level 7 in Stealth
  3784 | D:3      | Became a worshipper of Uskayaw the Reveller
  3904 | D:4      | Reached * piety under Uskayaw
  3909 | D:4      | Reached ** piety under Uskayaw
  4098 | D:5      | Entered Level 5 of the Dungeon
  4113 | D:5      | Reached *** piety under Uskayaw
  4191 | D:5      | Gained mutation: You have razor-sharp teeth. [Vine Stalker
                  | growth]
  4191 | D:5      | Reached XP level 8. HP: 36/40 MP: 9/9
  4308 | D:5      | Reached skill level 1 in Invocations
  4419 | D:5      | Found a bloodstained altar of Trog.
  4797 | D:5      | Noticed Eustachio
  4811 | D:5      | Killed Eustachio
  4812 | D:5      | Reached skill level 8 in Stealth
  5272 | D:6      | Noticed Grinder
  5286 | D:6      | Killed Grinder
  5549 | D:6      | Reached **** piety under Uskayaw
  5622 | D:6      | Reached skill level 1 in Armour
  5622 | D:6      | Reached XP level 9. HP: 44/44 MP: 11/11
  6374 | D:7      | Reached skill level 9 in Stealth
  6433 | D:7      | Reached ***** piety under Uskayaw
  6609 | D:7      | Found a staircase to the Ecumenical Temple.
  7337 | D:8      | Reached XP level 10. HP: 41/49 MP: 14/14
  7582 | D:8      | Found Yjiskusa's Assorted Antiques.
  7634 | D:8      | Found a sparkling altar of Nemelex Xobeh.
  7866 | D:8      | Found a glowing golden altar of the Shining One.
  8033 | D:8      | Found an ancient bone altar of Kikubaaqudgha.
  8033 | D:8      | Found a hazy altar of Hepliaklqana.
  8395 | D:3      | Bought a quick blade for 435 gold pieces
  8919 | D:9      | Noticed Maggie
  8947 | D:9      | Killed Maggie
  8948 | D:9      | Reached skill level 1 in Shields
  9036 | D:9      | Found a transporter.
  9108 | D:9      | Found a transporter.
  9129 | D:9      | Found a transporter.
  9137 | D:9      | Found a transporter.
  9173 | D:9      | Found a stormy altar of Qazlal.
  9200 | D:9      | Reached skill level 10 in Stealth
  9243 | D:9      | Found a transporter.
  9247 | D:9      | Found a transporter.
  9547 | D:9      | Found a staircase to the Lair.
  9574 | D:9      | Reached skill level 5 in Invocations
  9575 | D:9      | Demolished by a komodo dragon

Illustrated notes

Levels and vault maps discovered:
D:1:      lemuel_arrival_funnel, layout_basic
D:2:      layout_basic
D:3:      layout_loops_ring, amcnicky_altar_gilded,
          shapermc_ecumenical_altar_venn, serial_shops, nicolae_shop_stone,
          cheibrodos_sewer_entry_bend, nicolae_elevator_lobby_plus
D:4:      layout_basic, serial_shops, shop, uniq_menkaure, uniq_edmund,
          uniq_blork_the_orc
D:5:      layout_gridville, mainiacjoe_overflow_surrounded_room, abandoned_shop,
          uniq_eustachio
D:6:      minmay_inner_zag, layout_basic, nrook_mini_backslash, uniq_grinder
D:7:      cheibrodos_helix_gallery, layout_basic,
          minmay_temple_entry_butterflies
D:8:      layout_loops_ring, mainiacjoe_overflow_tiny_flanked,
          nemelex_spade_bored_becter, gammafunk_temple_overflow_elements,
          serial_shops, shop_statue
D:9:      layout_rooms, grunt_qazlal_clouds, erik_lair_dragon,
          serial_nicolae_subway, nicolae_sub_station_stone,
          nicolae_sub_station_crystal, nicolae_sub_station_metal, uniq_maggie

Skill      XL: |  1  2  3  4  5  6  7  8  9 10 |
---------------+-------------------------------+-----
Stealth        | 5 6 7 8 9 10 | 10.2
Fighting       | 2 3 4 |  4.8
Short Blades   | 2 3 4 5 7 8 9 |  9.2
Dodging        | 1 2 3 |  3.6
Throwing       | 2 |  2.2
Invocations    | 2 4 5 |  5.0
Armour         | 1 2 3 |  3.2
Shields        | 1 |  1.5

Action                     |  1- 3 |  4- 6 |  7- 9 | 10-12 || total
---------------------------+-------+-------+-------+-------++-------
  Melee: Dagger            |   118 |    69 |    50 |    24 ||   261
         Bite              |    28 |    23 |    74 |    98 ||   223
         Punch             |     1 |       |     2 |       ||     3
         Rapier            |       |    16 |   221 |    41 ||   278
         Quick blade       |       |       |       |   189 ||   189
  Throw: Dart              |       |     9 |       |       ||     9
    Use: Scroll            |       |       |       |    17 ||    17
   Stab: Sleeping          |     6 |     6 |    23 |     4 ||    39
         Distracted        |       |     1 |     2 |       ||     3
         Paralysed         |       |       |     8 |     4 ||    12
 Armour: Fire dragon scale |    48 |       |       |       ||    48
         Robe              |     7 |    18 |    11 |       ||    36
         Leather armour    |       |       |    17 |    16 ||    33
  Dodge: Dodged            |    39 |    41 |   114 |    61 ||   255
  Block: Buckler           |       |       |    24 |     6 ||    30
         Kite shield       |       |       |       |    38 ||    38

Table legend: (Time is in decaauts)
 A = Elapsed time spent in this place.
 B = Non-inter-level travel time spent in this place.
 C = Inter-level travel time spent in this place.
 D = Time resting spent in this place.
 E = Time spent auto-exploring this place.
 F = Levels seen in this place.
 G = Mean time per level.
                   A        B        C        D        E       F      G
               +--------+--------+--------+--------+--------+-----+--------+
         Total |   9524 |   8772 |    752 |    454 |   6340 |  10 |  952.4 |
       Dungeon |   8595 |   7843 |    752 |    307 |   6002 |   9 |  955.0 |
         Sewer |    928 |    928 |      0 |    147 |    338 |   1 |  928.0 |
               +--------+--------+--------+--------+--------+-----+--------+

Top non-repeatable levels by time:
     D:3: 1264 daAuts
     D:5: 1170 daAuts
     D:6: 1153 daAuts
     D:7: 1016 daAuts
     D:4: 940 daAuts
     D:8: 937 daAuts
   Sewer: 928 daAuts
     D:2: 812 daAuts
     D:1: 661 daAuts
     D:9: 638 daAuts
